 Dungeon Crawl Stone Soup version 0.29.0-13-gc9e81de378 (webtiles) character file.

Game seed: 17485850517707828063

21 ntrailstourney the Chopper (level 2, 0/26 HPs)
             Began as a Hill Orc Cinder Acolyte on Sept 9, 2022.
             Was a High Priest of Ignis.
             Slain by a jackal (2 damage)
             ... on level 1 of the Dungeon.
             The game lasted 00:01:45 (417 turns).

ntrailstourney the Chopper (Hill Orc Cinder Acolyte) Turns: 417, Time: 00:01:46

Health: 0/26       AC:  3    Str: 16    XL:     2   Next: 87%
Magic:  4/4        EV: 11    Int: 14    God:    Ignis [*****.]
Gold:   29         SH:  0    Dex:  6    Spells: 3/3 levels left

rFire   + . .      SeeInvis .   a - -1 hand axe (flame)
rCold   . . .      Faith    .   (no shield)
rNeg    . . .      Spirit   .   b - +0 robe
rPois   .          Reflect  .   (no helmet)
rElec   .          Harm     .   (no cloak)
rCorr   .          Rampage  .   (no gloves)
Will    .....                   f - +0 pair of boots
Stlth   +.........              (no amulet)
HPRegen 0.08/turn               (no ring)
MPRegen 0.09/turn               (no ring)

@: no status effects
A: no striking features
a: Renounce Religion, Fiery Armour, Foxfire Swarm, Rising Flame


You were on level 1 of the Dungeon.
You worshipped Ignis.
Ignis was extremely pleased with you.
You visited 1 branch of the dungeon, and saw 1 of its levels.

You collected 29 gold pieces.


   Skills:
 - Level 3.6 Fighting
 - Level 4.0 Axes
 - Level 1.0 Spellcasting
 - Level 3.2 Fire Magic
 + Level 3.2 Invocations


You had 3 spell levels left.
You didn't know any spells.
Your spell library contained the following spells:

 Spells                   Type           Power      Damage    Failure   Level
 Scorch                   Fire           18%        2d6       11%         2

Inventory:

Hand Weapons
 a - a -1 hand axe of flaming (weapon)
Missiles
 i - 3 stones (quivered)
Armour
 b - a +0 robe (worn)
 f - a +0 pair of boots (worn)
   (You found it on level 1 of the Dungeon)
 g - a +0 robe
   (You found it on level 1 of the Dungeon)
 j - a +0 scale mail
   (You found it on level 1 of the Dungeon)
Scrolls
 c - a scroll of identify {unknown}
 d - a scroll of noise {unknown}
 e - a scroll of vulnerability {unknown}
Potions
 h - a potion of invisibility {unknown}

Dungeon Overview and Level Annotations

Branches:
Dungeon (1/15) Zot: 5577

Altars:

# #..##.##...####.###..# ..
.##..##...........# #..# ...
...?#####...########..#
#.###..# #...# #..†#
#...#..#####..>## #.#.#
#.............######....
##...####..........#...# .
##)..###.............## ..##
#...Sh@................ ....
#...###..............#.
#..#..####...........#..#.
#........................
#.....#.##..........#.#..
#.....##.##..........#.#..
#>#h...#.##..........#.#..
......................#.#..
###.##.##.#.................


You could see a jackal and a ball python.


Message History

Your Invocations skill increases to level 3! 😨 HP[+1] 😨 MP[+1]
Your mp is fully restored (4). 😨 HP[+1]
You see here a ball python corpse. 😨 HP[+1]
Found a stone staircase leading down. 😮 HP[+1] 😮 HP[+1]
You see here a +0 spear. 😮 HP[+1]
The endoplasm jiggles. 😮 HP[+1]
A jackal comes into view.
The jackal barks!
You hear a shout!
The endoplasm freezes you.
You are frozen. 😮 HP[-2]
You take 2 damage, and now have 15/26 hp.
The endoplasm attacks as you move away! The endoplasm barely misses you.
A jackal comes into view. 😮 HP[+1]
The jackal barks!
The endoplasm hits you but does no damage.
The jackal closely misses you. The endoplasm attacks as you move away!
The endoplasm barely misses you.
You hit the jackal. You burn the jackal.
The jackal bites you but does no damage.
The jackal barely misses you.
You barely miss the jackal. The jackal barely misses you.
You hit the jackal. You burn the jackal.
You kill the jackal!
A jackal comes into view.
You hit the endoplasm but do no damage. The endoplasm barely misses you.
You barely miss the endoplasm. The endoplasm freezes you.
You are frozen.
* * * LOW HITPOINT WARNING * * *
😨 HP[-5]
You take 5 damage, and now have 11/26 hp.
You barely miss the endoplasm. The endoplasm freezes you.
You are frozen.
* * * LOW HITPOINT WARNING * * *
😨 HP[-2]
You take 2 damage, and now have 9/26 hp.
You barely miss the endoplasm. The endoplasm freezes you.
You are frozen.
* * * LOW HITPOINT WARNING * * *
😨 HP[-2]
You take 2 damage, and now have 7/26 hp.
You hit the endoplasm. You burn the endoplasm.
The endoplasm hits you but does no damage. x2
You hit the endoplasm. You burn the endoplasm.
You kill the endoplasm!
The jackal closely misses you. 😨 HP[+1]
You hit the jackal but do no damage. The jackal barely misses you.
You closely miss the jackal. The jackal bites you.
* * * LOW HITPOINT WARNING * * *
The jackal closely misses you. 😨 HP[-1]
You take 1 damage, and now have 7/26 hp.
You hit the jackal but do no damage.
The jackal bites you but does no damage.
The jackal misses you.
You closely miss the jackal.
The jackal bites you but does no damage.
A ball python comes into view.
You slash the jackal! You burn the jackal.
You kill the jackal!
You barely miss the jackal. The jackal barely misses you. The jackal bites you.
* * * LOW HITPOINT WARNING * * *
😱 HP[-2]
You take 2 damage, and now have 5/26 hp.
You closely miss the jackal.
The jackal bites you but does no damage.
You barely miss the jackal. The jackal misses you. x2
You closely miss the jackal.
The jackal bites you but does no damage.
You barely miss the jackal.
The jackal bites you but does no damage. x2
You hit the jackal but do no damage. The jackal barely misses you.
The jackal bites you but does no damage. 😱 HP[+1]
You closely miss the jackal. The jackal closely misses you.
You hit the jackal but do no damage. The jackal bites you.
* * * LOW HITPOINT WARNING * * *
The jackal bites you.
* * * LOW HITPOINT WARNING * * *
😱 HP[-4]
You take 4 damage, and now have 2/26 hp.
You barely miss the jackal.
The jackal bites you but does no damage.
You barely miss the jackal. The jackal barely misses you.
The jackal closely misses you.
You hit the jackal. You burn the jackal. The jackal bites you.
You die...

Skill      XL: |  1  2 |
---------------+-------+-----
Invocations    | 2 3 |  3.2
Fighting       | |  3.6
Axes           | |  4.0
Spellcasting   | |  1.0
Fire Magic     | |  3.2

Action                   || total
-------------------------++-------
Melee: Hand axe          ||    47
Armor: Robe              ||    19
Dodge: Dodged            ||    27

Levels and vault maps discovered:
D:1:      scummos_arrival_simple_crosswalls, layout_rooms

Notes
Turn   | Place    | Note
-------+----------+-------------------------------------------
     0 | D:1      | ntrailstourney the Hill Orc Cinder Acolyte began the quest
                  | for the Orb.
     0 | D:1      | Reached XP level 1. HP: 19/19 MP: 2/2
     0 | D:1      | magus.rc [v1.11.3]
    99 | D:1      | Reached skill level 1 in Invocations
   242 | D:1      | Reached skill level 2 in Invocations
   270 | D:1      | Reached XP level 2. HP: 26/26 MP: 3/3
   293 | D:1      | Reached skill level 3 in Invocations
   407 | D:1      | HP: 5/26 [jackal (2)]
   414 | D:1      | HP: 4/26 [jackal (2)]
   417 | D:1      | Slain by a jackal

Vanquished Creatures
  A gnoll (D:1)
  A ball python (D:1)
  A bat (D:1)
  2 endoplasms (D:1)
  2 hobgoblins (D:1)
  2 jackals (D:1)
  A frilled lizard (D:1)
10 creatures vanquished.

Table legend:
 A = Non-vault XP
 B = Vault XP
 C = Vault XP percentage of total XP
 D = Non-vault monster count
 E = Vault monster count
 F = Vault count percentage of total count
                 A         B        C        D         E       F
            +---------+---------+-------+---------+---------+-------
      Total |      31 |       0 |   0.0 |      10 |       0 |   0.0
            +---------+---------+-------+---------+---------+-------
        D:1 |      31 |       0 |   0.0 |      10 |       0 |   0.0
            +---------+---------+-------+---------+---------+-------

Illustrated notes

Table legend:
 A = Kills in this place as a percentage of kills in entire the game.
 B = Kills by you in this place as a percentage of kills by you in the entire game.
 C = Kills by friends in this place as a percentage of kills by friends in the entire game.
 D = Other kills in this place as a percentage of other kills in the entire game.
 E = Experience gained in this place as a percentage of experience gained in the entire game.
 F = Experience gained in this place divided by the number of levels of this place that you have seen.
                   A       B       C       D       E      F
               +-------+-------+-------+-------+-------+----------------------
         Total | 100.0 | 100.0 |   N/A |   N/A | 100.0 |  31.0
       Dungeon | 100.0 | 100.0 |   N/A |   N/A | 100.0 |  31.0
               +-------+-------+-------+-------+-------+----------------------

Table legend: (Time is in decaauts)
 A = Elapsed time spent in this place.
 B = Non-inter-level travel time spent in this place.
 C = Inter-level travel time spent in this place.
 D = Time resting spent in this place.
 E = Time spent auto-exploring this place.
 F = Levels seen in this place.
 G = Mean time per level.
                   A        B        C        D        E       F      G
               +--------+--------+--------+--------+--------+-----+--------+
         Total |    421 |    413 |      8 |      0 |    208 |   1 |  421.0 |
       Dungeon |    421 |    413 |      8 |      0 |    208 |   1 |  421.0 |
               +--------+--------+--------+--------+--------+-----+--------+

Top non-repeatable levels by time:
     D:1: 421 daAuts
